 Dungeon Crawl Stone Soup version 0.19-a0-450-g98b348d (webtiles) character file.

210 ololoev the Magician (level 5, 0/28 HPs)
             Began as a Deep Elf Fire Elementalist on June 1, 2016.
             Was an Initiate of Elyvilon.
             Succumbed to a scorpion's poison
             ... on level 5 of the Dungeon.
             The game lasted 00:08:11 (872 turns).

ololoev the Magician (Deep Elf Fire Elementalist)    Turns: 872, Time: 00:08:11

Health: 0/28       AC:  2    Str: 10    XL:     5   Next: 57%
Magic:  4/13       EV: 18    Int: 26    God:    Elyvilon [......]
Gold:   57         SH:  0    Dex: 20    Spells: 3 memorised, 5 levels left

rFire  . . .     SeeInvis .     (no weapon)
rCold  . . .     Gourm    .     a - +0 robe
rNeg   . . .     Faith    .     (no shield)
rPois  .         Spirit   .     (no helmet)
rElec  .         Dismiss  .     (no cloak)
rCorr  .         Reflect  .     (no gloves)
SustAt .         Harm     .     (no boots)
MR     .....                    (no amulet)
Stlth  ++++......               (no ring)
                                f - ring of stealth

@: mighty, brilliant, agile, lethally poisoned (0 -> -4), flying, not resistant
to hostile enchantments, stealthy
A: no striking features
a: Renounce Religion

Inventory:

Armour
 a - a +0 robe (worn)
Jewellery
 f - a ring of stealth (left hand)
Scrolls
 e - a scroll of immolation {unknown}
 h - a scroll of identify {unknown}
Potions
 g - a potion of might
Books
 b - a book of Flames

   Spells                             Type                      Level
   a - Flame Tongue                   Conjuration/Fire             1
   b - Throw Flame                    Conjuration/Fire             2
   c - Conjure Flame                  Conjuration/Fire             3
   d - Inner Flame                    Hexes/Fire                   3
   e - Sticky Flame                   Conjuration/Fire             4
   f - Fireball                       Conjuration/Fire             5
Comestibles
 c - 3 bread rations
 k - 4 chunks of flesh


   Skills:
 - Level 2.4 Dodging
 - Level 2.4 Stealth
 + Level 4.4 Spellcasting
 * Level 4.2 Conjurations
 + Level 4.3 Fire Magic
 + Level 1.4 Invocations


You had 5 spell levels left.
You knew the following spells:

 Your Spells              Type           Power        Failure   Level  Hunger
a - Flame Tongue          Conj/Fire      #####        1%          1    None
b - Conjure Flame         Conj/Fire      #####...     1%          3    ##.....
e - Inner Flame           Hex/Fire       ####....     1%          3    ##.....


You were on level 5 of the Dungeon.
You worshipped Elyvilon.
Elyvilon was noncommittal.
You were not hungry.

You visited 1 branch of the dungeon, and saw 5 of its levels.

You collected 57 gold pieces.

##..##.#
....$.###
#...O...#
#.......##
#.?......#
#...$...#
#.......#
#.@....#
#.<.>.##
#..#...#
#.. ..##
#.# ### ..
).. ....
....

Notes
Turn   | Place    | Note
--------------------------------------------------------------
     0 | D:1      | ololoev the Deep Elf Fire Elementalist began the quest for the Orb.
     0 | D:1      | Reached XP level 1. HP: 10/10 MP: 6/6
   206 | D:2      | Reached XP level 2. HP: 7/15 MP: 6/8
   317 | D:3      | Found a hide-covered altar of Uskayaw.
   321 | D:3      | Found a sacrificial altar of Ru.
   322 | D:3      | Found an opulent altar of Gozag.
   520 | D:3      | Reached XP level 3. HP: 15/19 MP: 3/10
   525 | D:3      | Learned a level 3 spell: Conjure Flame
   529 | D:3      | Learned a level 3 spell: Inner Flame
   619 | D:3      | Found an iron altar of Okawaru.
   723 | D:3      | Found a white marble altar of Elyvilon.
   731 | D:3      | Became a worshipper of Elyvilon the Healer
   777 | D:4      | Reached XP level 4. HP: 6/24 MP: 6/11
   788 | D:4      | Found a shattered altar of Ashenzari.
   820 | D:4      | Noticed an ogre
   827 | D:4      | Killed an ogre
   827 | D:4      | Reached skill level 1 in Invocations
   827 | D:4      | Reached XP level 5. HP: 19/28 MP: 5/13
   868 | D:4      | HP: 1/28 [poisoned by a scorpion]
   869 | D:4      | Elyvilon protects you from harm!
   871 | D:5      | Entered Level 5 of the Dungeon
   871 | D:5      | Noticed an ogre
   872 | D:5      | Succumbed to a scorpion's poison

Dungeon Overview and Level Annotations

Branches:
Dungeon (5/15)
 Temple: D:4-7

Altars:
Ashenzari
Elyvilon
Gozag
Okawaru
Ru
Uskayaw


Message History

Found 25 bolts and a blowgun.
A scorpion comes into view.
You see here 13 gold pieces.
Casting: Flame Tongue
Confirm with . or Enter, or press ? or * to list all spells.
Aiming: Flame Tongue
Press: ? - help, Shift-Dir - straight line, f - scorpion
Aim: a scorpion (resting)
The flame tongue hits the scorpion.
The scorpion is heavily wounded.
Casting: Flame Tongue
Confirm with . or Enter, or press ? or * to list all spells.
Aiming: Flame Tongue
Press: ? - help, Shift-Dir - straight line, f/p - scorpion
Aim: a scorpion (heavily wounded)
The flame tongue hits the scorpion.
The scorpion is severely wounded.
Casting: Flame Tongue
Confirm with . or Enter, or press ? or * to list all spells.
Aiming: Flame Tongue
Press: ? - help, Shift-Dir - straight line, f/p - scorpion
Aim: a scorpion (severely wounded)
The flame tongue hits the scorpion.
The scorpion is almost dead.
The scorpion stings you.
Casting: Flame Tongue
Confirm with . or Enter, or press ? or * to list all spells.
Aiming: Flame Tongue
Press: ? - help, Shift-Dir - straight line, f/p - scorpion
Aim: a scorpion (almost dead)
The flame tongue hits the scorpion.
The scorpion appears unharmed.
The scorpion is almost dead.
The scorpion stings you!
You are lethally poisoned!
The scorpion poisons you!
Casting: Flame Tongue
Confirm with . or Enter, or press ? or * to list all spells.
Aiming: Flame Tongue
Press: ? - help, Shift-Dir - straight line, f/p - scorpion
Aim: a scorpion (almost dead)
The flame tongue hits the scorpion.
The scorpion appears unharmed.
The scorpion is almost dead.
You feel sick. The scorpion barely misses you.
Casting: Flame Tongue
Confirm with . or Enter, or press ? or * to list all spells.
Aiming: Flame Tongue
Press: ? - help, Shift-Dir - straight line, f/p - scorpion
Aim: a scorpion (almost dead)
The flame tongue misses the scorpion.
You feel sick. The scorpion stings you.
Casting: Flame Tongue
Confirm with . or Enter, or press ? or * to list all spells.
Aiming: Flame Tongue
Press: ? - help, Shift-Dir - straight line, f/p - scorpion
Aim: a scorpion (almost dead)
The flame tongue hits the scorpion.
You kill the scorpion!
Your Conjurations skill increases to level 4!
It was a potion of might.
You feel very mighty all of a sudden.
You feel sick.
It was a potion of flight.
You feel very buoyant.
You fly up into the air.
You feel sick.
It was a potion of agility.
You feel agile all of a sudden.
You feel sick.
It was a potion of brilliance.
You feel clever all of a sudden.
You feel sick.
You now have 57 gold pieces (gained 13).
You feel sick.
You feel sick. Elyvilon protects you from harm!
There is a stone staircase leading down here.
You fly downwards.
An ogre comes into view. It is wielding a giant spiked club.
Found 16 gold pieces, a scroll labeled IREFOUBL UWNIESCH and a rapier.
Found an escape hatch in the floor.
There is a stone staircase leading up here.
You die...

You could see an ogre (sleeping).

Vanquished Creatures
  An ogre (D:4)
  A scorpion (D:4)
  An orc wizard (D:3)
  2 adders
  An ooze (D:3)
  A giant gecko (D:4)
  4 orcs (D:3)
  2 giant cockroaches (D:1)
  2 goblins
  3 jackals (D:2)
  2 bats
  2 giant newts (D:1)
  3 rats
25 creatures vanquished.

Action                   |  1- 3 |  4- 6 || total
-------------------------+-------+-------++-------
Melee: Unarmed           |     1 |       ||     1
 Cast: Flame Tongue      |    43 |    11 ||    54
       Conjure Flame     |       |     1 ||     1
  Use: Potion            |       |     5 ||     5
Armor: Robe              |     5 |       ||     5
Dodge: Dodged            |    22 |     1 ||    23

Vault maps used:
D:1:      minmay_arrival_hallway
D:2:      overflow_temple_1_default, grunt_qazlal_clouds
D:3:      nicolae_overflow_hidden_temple, minitemple, first_bread,
          grunt_ministairs_9, eino_tiny_chamber, elyvilon_altar_3
D:4:      kennysheep_mini_moat, zin_purify, grunt_gozag_breadcrumbs
D:5:      nicolae_overflow_crystal_walls, minmay_temple_entry_glassed_door,
          uniq_duvessa
